TOP OF THE 1ST |
---|
El Paso Texans batting - Pitching for Montgomery Grey Sox : LHP Raúl Coranillo | Pitching: LHP Raúl Coranillo | | Batting: LHB Mark Spencer | 0-0: Ball 1-0: Ball 2-0: Ball 3-0: Called Strike 3-1: Called Strike 3-2: Base on Balls | Batting: RHB Cole Boehmer | 0-0: Called Strike 0-1: Ball 1-1: Ball 2-1: Called Strike 2-2: Ball 3-2: Strikes out swinging Mark Spencer is caught stealing 2nd base Batter strikes out. | Batting: SHB Richie Gallegos | 0-0: Ball 1-0: Ball 2-0: Called Strike 2-1: Ground out 3-1 (Groundball, 34) | Top of the 1st over - 0 runs, 0 hits, 0 errors, 0 left on base; El Paso 0 - Montgomery 0 | BOTTOM OF THE 1ST |
---|
Montgomery Grey Sox batting - Pitching for El Paso Texans : RHP Derek Baker | Pitching: RHP Derek Baker | | Batting: LHB Salvador López | 0-0: DOUBLE (Line Drive, 9LM) | Batting: LHB Amlak Saitoti | 0-0: Ball 1-0: Ball 2-0: Foul Ball, location: 2F 2-1: Called Strike 2-2: Ball 3-2: Foul Ball, location: 2F 3-2: Base on Balls | Batting: RHB Pedro Castro | 0-0: Fly out, F4 (Flyball, 4MD) | Batting: SHB Randy Anderson | 0-0: Called Strike 0-1: Called Strike 0-2: Ball 1-2: Foul Ball, location: 2F 1-2: Ball 2-2: Foul Ball, location: 2F 2-2: Fielders Choice at 2nd, 4-6 (Groundball, 34) Salvador López to third | Batting: RHB Glen MacDonald | 0-0: Ball Wild Pitch! Salvador López scores Randy Anderson to second 1-0: Ball 2-0: Foul Ball, location: 2F 2-1: Ball 3-1: Foul Ball, location: 2F 3-2: Strikes out swinging | Bottom of the 1st over - 1 run, 1 hit, 0 errors, 1 left on base; El Paso 0 - Montgomery 1 | TOP OF THE 2ND |
---|
El Paso Texans batting - Pitching for Montgomery Grey Sox : LHP Raúl Coranillo | Batting: RHB Domingo Morales | 0-0: Ball 1-0: Ball 2-0: Called Strike 2-1: Foul Ball, location: 2F 2-2: Ball 3-2: Base on Balls | Batting: RHB Jim MacAchounich | 0-0: Ball 1-0: Ball 2-0: SINGLE (Groundball, 4D) Domingo Morales to second Runner from 2nd tries for 3rd, SAFE, no throw | Batting: SHB António Cervantes | 0-0: Ball 1-0: Ball 2-0: Grounds into double play, 6-4-3 (Groundball, 6) Domingo Morales scores | Batting: LHB Dave Tucker | 0-0: Ball 1-0: Foul Ball, location: 2F 1-1: Ball 2-1: Ground out U3 (Groundball, 23) | Top of the 2nd over - 1 run, 1 hit, 0 errors, 0 left on base; El Paso 1 - Montgomery 1 | BOTTOM OF THE 2ND |
---|
Montgomery Grey Sox batting - Pitching for El Paso Texans : RHP Derek Baker | Batting: LHB Francisco Romo | 0-0: Called Strike 0-1: Ball 1-1: Swinging Strike 1-2: Strikes out swinging | Batting: RHB Bobby Hulsey | 0-0: SINGLE (Flyball, 78M) | Batting: RHB Randall James | 0-0: Called Strike 0-1: Fly out, F8 (Flyball, 8RD) | Batting: RHB António Nevárez | 0-0: Ball Wild Pitch! Bobby Hulsey to second 1-0: Swinging Strike 1-1: Swinging Strike 1-2: Ground out 4-3 (Groundball, 4M) | Bottom of the 2nd over - 0 runs, 1 hit, 0 errors, 1 left on base; El Paso 1 - Montgomery 1 | TOP OF THE 3RD |
---|
El Paso Texans batting - Pitching for Montgomery Grey Sox : LHP Raúl Coranillo | Batting: LHB Cipriano Rangel | 0-0: Foul Ball, location: 2F 0-1: Foul Ball, location: 2F 0-2: Ball 1-2: Ground out 4-3 (Groundball, 4) | Batting: SHB Miguel Hurtado | 0-0: Ball 1-0: Ball 2-0: Ground out 4-3 (Groundball, 34) | Batting: LHB Mark Spencer | 0-0: Called Strike 0-1: Ball 1-1: Called Strike 1-2: Strikes out looking | Top of the 3rd over - 0 runs, 0 hits, 0 errors, 0 left on base; El Paso 1 - Montgomery 1 | BOTTOM OF THE 3RD |
---|
Montgomery Grey Sox batting - Pitching for El Paso Texans : RHP Derek Baker | Batting: LHB Salvador López | 0-0: Foul Ball, location: 2F 0-1: Foul Ball, location: 2F 0-2: Ground out 1-3 (Groundball, P) | Batting: LHB Amlak Saitoti | 0-0: Ball 1-0: Called Strike 1-1: Foul Ball, location: 2F 1-2: Ball 2-2: Ball 3-2: Ground out 6-3 (Groundball, 6M) | Batting: RHB Pedro Castro | 0-0: Called Strike 0-1: Swinging Strike 0-2: SINGLE (Groundball, 6MD) | Batting: SHB Randy Anderson | 0-0: Called Strike 0-1: Ball 1-1: Ball 2-1: Ball 3-1: Foul Ball, location: 2F 3-2: Foul Ball, location: 2F 3-2: SINGLE (Flyball, 7LS) Pedro Castro to second Pedro Castro to third | Batting: RHB Glen MacDonald | 0-0: Ball 1-0: Foul Ball, location: 2F 1-1: Ball 2-1: Ball 3-1: Swinging Strike 3-2: SINGLE (Line Drive, 4MD) Pedro Castro scores Randy Anderson to second Randy Anderson to third | Batting: LHB Francisco Romo | 0-0: Ball 1-0: Ball 2-0: Called Strike 2-1: Foul Ball, location: 2F 2-2: Foul Ball, location: 2F 2-2: Strikes out swinging | Bottom of the 3rd over - 1 run, 3 hits, 0 errors, 2 left on base; El Paso 1 - Montgomery 2 | TOP OF THE 4TH |
---|
El Paso Texans batting - Pitching for Montgomery Grey Sox : LHP Raúl Coranillo | Batting: RHB Cole Boehmer | 0-0: Foul Ball, location: 2F 0-1: Foul Ball, location: 2F 0-2: Strikes out swinging | Batting: SHB Richie Gallegos | 0-0: Ball 1-0: Ball 2-0: Called Strike 2-1: Ball 3-1: Base on Balls | Batting: RHB Domingo Morales | 0-0: Ball 1-0: Foul Ball, location: 2F 1-1: Foul Ball, location: 2F 1-2: Foul Ball, location: 2F 1-2: Ball 2-2: SINGLE (Groundball, 6M) (infield hit) Richie Gallegos to second | Batting: RHB Jim MacAchounich | 0-0: Ball 1-0: Ball 2-0: Fly out, F8 (Flyball, 8LS) | Batting: SHB António Cervantes | 0-0: Ball 1-0: Ball 2-0: Called Strike 2-1: Ball 3-1: Called Strike 3-2: Base on Balls Richie Gallegos to third Domingo Morales to second | Batting: LHB Dave Tucker | 0-0: Called Strike 0-1: Fly out, F9 (Flyball, 9LM) | Top of the 4th over - 0 runs, 1 hit, 0 errors, 3 left on base; El Paso 1 - Montgomery 2 | BOTTOM OF THE 4TH |
---|
Montgomery Grey Sox batting - Pitching for El Paso Texans : RHP Derek Baker | Batting: RHB Bobby Hulsey | 0-0: Called Strike 0-1: Ball 1-1: Foul Ball, location: 2F 1-2: Foul Ball, location: 2F 1-2: Strikes out swinging | Batting: RHB Randall James | 0-0: Foul Ball, location: 2F 0-1: Swinging Strike 0-2: Ground out 6-3 (Groundball, 6) | Batting: RHB António Nevárez | 0-0: Ball 1-0: Foul Ball, location: 2F 1-1: Ball 2-1: Ball 3-1: Foul Ball, location: 2F 3-2: Base on Balls | Pitching: RHP Mark Thompson | | Batting: LHB Salvador López | 0-0: Ball 1-0: SINGLE (Line Drive, 9S) António Nevárez to second | Batting: LHB Amlak Saitoti | 0-0: Ball 1-0: Ball 2-0: Called Strike 2-1: Ball 3-1: Base on Balls António Nevárez to third Salvador López to second | Batting: RHB Pedro Castro | 0-0: Hit by Pitch António Nevárez scores Salvador López to third Amlak Saitoti to second | Batting: SHB Randy Anderson | 0-0: Swinging Strike 0-1: Ball 1-1: Ball 2-1: Foul Ball, location: 2F 2-2: Ball 3-2: Base on Balls Salvador López scores Amlak Saitoti to third Pedro Castro to second | Batting: RHB Glen MacDonald | 0-0: Ball 1-0: Fly out, F9 (Flyball, 9LS) | Bottom of the 4th over - 2 runs, 1 hit, 0 errors, 3 left on base; El Paso 1 - Montgomery 4 | TOP OF THE 5TH |
---|
El Paso Texans batting - Pitching for Montgomery Grey Sox : LHP Raúl Coranillo | Batting: LHB Cipriano Rangel | 0-0: Ball 1-0: Ball 2-0: Called Strike 2-1: Foul Ball, location: 2F 2-2: Ball 3-2: Fly out, F8 (Flyball, 89D) | Batting: SHB Miguel Hurtado | 0-0: Ball 1-0: Fly out, F7 (Flyball, 7) | Batting: LHB Mark Spencer | 0-0: Ball 1-0: Swinging Strike 1-1: Foul Ball, location: 2F 1-2: Ball 2-2: Strikes out swinging | Top of the 5th over - 0 runs, 0 hits, 0 errors, 0 left on base; El Paso 1 - Montgomery 4 | BOTTOM OF THE 5TH |
---|
Montgomery Grey Sox batting - Pitching for El Paso Texans : RHP Mark Thompson | Batting: LHB Francisco Romo | 0-0: Ball 1-0: Ball 2-0: Ball 3-0: Base on Balls | Batting: RHB Bobby Hulsey | 0-0: Ball 1-0: Ball 2-0: Foul Ball, location: 2F 2-1: Foul Ball, location: 2F 2-2: Strikes out swinging | Batting: RHB Randall James | 0-0: Called Strike 0-1: Ball 1-1: Foul Ball, location: 2F 1-2: Ball 2-2: Strikes out swinging | Batting: RHB António Nevárez | 0-0: Ball 1-0: Called Strike 1-1: Ball 2-1: Ball 3-1: Base on Balls Francisco Romo to second | Batting: LHB Salvador López | 0-0: Called Strike 0-1: Ball 1-1: Foul Ball, location: 2F 1-2: Ball 2-2: Fly out, F8 (Flyball, 8LD) | Bottom of the 5th over - 0 runs, 0 hits, 0 errors, 2 left on base; El Paso 1 - Montgomery 4 | TOP OF THE 6TH |
---|
El Paso Texans batting - Pitching for Montgomery Grey Sox : LHP Raúl Coranillo | Batting: RHB Cole Boehmer | 0-0: SINGLE (Groundball, 3S) (infield hit) | Batting: SHB Richie Gallegos | 0-0: Ball 1-0: Ground out 5-3 (Groundball, 56S) Cole Boehmer to second | Batting: RHB Domingo Morales | 0-0: Ball 1-0: 2-RUN HOME RUN (Flyball, 7LD), Distance : 358 ft | Batting: RHB Jim MacAchounich | 0-0: DOUBLE (Line Drive, 7LS) | Batting: SHB António Cervantes | 0-0: Ball 1-0: Ball 2-0: Called Strike 2-1: Ball 3-1: Base on Balls | Batting: LHB Dave Tucker | 0-0: Ball 1-0: Foul Ball, location: 2F 1-1: Swinging Strike 1-2: Strikes out swinging | Batting: LHB Cipriano Rangel | 0-0: Ball 1-0: SINGLE (Line Drive, 9S) Jim MacAchounich to third António Cervantes to second Runner from 3rd tries for Home, SAFE, throw made home | Batting: SHB Miguel Hurtado | 0-0: Ball 1-0: Foul Ball, location: 2F 1-1: Ground out 5-3 (Groundball, 56S) | Top of the 6th over - 3 runs, 4 hits, 0 errors, 2 left on base; El Paso 4 - Montgomery 4 | BOTTOM OF THE 6TH |
---|
Montgomery Grey Sox batting - Pitching for El Paso Texans : RHP Mark Thompson | Batting: LHB Amlak Saitoti | 0-0: Bunt missed! 0-1: Ball 1-1: SINGLE (Groundball, 4D) | Batting: RHB Pedro Castro | 0-0: Called Strike 0-1: Ball 1-1: Grounds into double play, 5-4-3 (Groundball, 56) | Batting: SHB Randy Anderson | 0-0: Ball 1-0: Foul Ball, location: 2F 1-1: Ball 2-1: Foul Ball, location: 2F 2-2: Ball 3-2: Foul Ball, location: 2F 3-2: Foul Ball, location: 2F 3-2: Foul Ball, location: 2F 3-2: Strikes out swinging | Bottom of the 6th over - 0 runs, 1 hit, 0 errors, 0 left on base; El Paso 4 - Montgomery 4 | TOP OF THE 7TH |
---|
El Paso Texans batting - Pitching for Montgomery Grey Sox : LHP Raúl Coranillo | Pinch Hitting: RHB Rafael Crus | 0-0: Ball 1-0: SINGLE (Flyball, 89M) | Batting: RHB Cole Boehmer | 0-0: Ball 1-0: Called Strike 1-1: Swinging Strike 1-2: Strikes out looking | Batting: SHB Richie Gallegos | 0-0: Ball 1-0: Foul Ball, location: 2F 1-1: Ball 2-1: Foul Ball, location: 2F 2-2: Strikes out swinging | Pinch Hitting: SHB Oliver Riley | 0-0: Called Strike 0-1: Foul Ball, location: 2F 0-2: Fly out, F8 (Flyball, 78D) | Top of the 7th over - 0 runs, 1 hit, 0 errors, 1 left on base; El Paso 4 - Montgomery 4 | BOTTOM OF THE 7TH |
---|
Montgomery Grey Sox batting - Pitching for El Paso Texans : RHP Mark Thompson | Now at 1B: Oliver Riley | | Now in CF: Rafael Crus | | Batting: RHB Glen MacDonald | 0-0: Foul Ball, location: 2F 0-1: Ball 1-1: DOUBLE (Line Drive, 78M) | Batting: LHB Francisco Romo | 0-0: Swinging Strike 0-1: Swinging Strike 0-2: Strikes out swinging | Pitching: LHP Al Atkins | | Batting: RHB Bobby Hulsey | 0-0: Intentional Walk | Batting: RHB Randall James | 0-0: Foul Ball, location: 2F 0-1: SINGLE (Flyball, 89S) Glen MacDonald to third Bobby Hulsey to second Runner from 3rd tries for Home, SAFE, throw made home | Batting: RHB António Nevárez | 0-0: Foul Ball, location: 2F 0-1: Called Strike 0-2: Grounds into double play, 4-6-3 (Groundball, 4) | Bottom of the 7th over - 1 run, 2 hits, 0 errors, 1 left on base; El Paso 4 - Montgomery 5 | TOP OF THE 8TH |
---|
El Paso Texans batting - Pitching for Montgomery Grey Sox : LHP Raúl Coranillo | Pitching: RHP Jorge Cherena | | Now in RF: Jorge Garza | | Batting: RHB Jim MacAchounich | 0-0: Ball 1-0: Foul Ball, location: 2F 1-1: Ball 2-1: Ball 3-1: Foul Ball, location: 2F 3-2: Ground out 5-3 (Groundball, 56S) | Batting: SHB António Cervantes | 0-0: Ball 1-0: Ball 2-0: Ball 3-0: Called Strike 3-1: SINGLE (Groundball, 4MS) (infield hit) | Pitching: LHP Pete Shirley | | Batting: LHB Dave Tucker | 0-0: Ball 1-0: Foul Ball, location: 2F 1-1: Ball 2-1: Ball 3-1: Base on Balls António Cervantes to second | Batting: LHB Cipriano Rangel | 0-0: Called Strike 0-1: Ball 1-1: Ball 2-1: Foul Ball, location: 2F 2-2: Fly out, F5 (Line Drive, 56) | Pitching: LHP Juan Reyes | | Pinch Hitting: LHB John Fitzgerald | 0-0: Ground out U3 (Groundball, 3) | Top of the 8th over - 0 runs, 1 hit, 0 errors, 2 left on base; El Paso 4 - Montgomery 5 | BOTTOM OF THE 8TH |
---|
Montgomery Grey Sox batting - Pitching for El Paso Texans : LHP Al Atkins | Now at SS: Jim Flynn | | Batting: LHB Salvador López | 0-0: Swinging Strike 0-1: Foul Ball, location: 2F 0-2: Ball 1-2: Strikes out swinging | Batting: LHB Amlak Saitoti | 0-0: Ball 1-0: Ball 2-0: Ball 3-0: Base on Balls | Batting: RHB Pedro Castro | 0-0: Ball 1-0: Foul Ball, location: 2F 1-1: Grounds into double play, 6-4-3 (Groundball, 6) | Bottom of the 8th over - 0 runs, 0 hits, 0 errors, 0 left on base; El Paso 4 - Montgomery 5 | TOP OF THE 9TH |
---|
El Paso Texans batting - Pitching for Montgomery Grey Sox : LHP Juan Reyes | Now at C: Ben White | | Batting: RHB Rafael Crus | 0-0: Ball 1-0: Ball 2-0: Called Strike 2-1: SINGLE (Groundball, 6MD) | Batting: RHB Cole Boehmer | 0-0: Called Strike 0-1: Ball 1-1: Ball 2-1: Ball 3-1: Called Strike 3-2: Foul Ball, location: 2F 3-2: Fielders Choice at 2nd, 1-6 (Groundball, P) | Pinch Runner at 1st Stephen Black: | | Batting: SHB Richie Gallegos | 0-0: Ball 1-0: Swinging Strike 1-1: Foul Ball, location: 2F 1-2: Foul Ball, location: 2F 1-2: Strikes out looking | Batting: SHB Oliver Riley | 0-0: Ball 1-0: Ball 2-0: Foul Ball, location: 2F 2-1: Ball 3-1: Base on Balls Stephen Black to second | Batting: RHB Jim MacAchounich | 0-0: Called Strike 0-1: Foul Ball, location: 2F 0-2: Ball 1-2: Ball 2-2: Strikes out swinging | Top of the 9th over - 0 runs, 1 hit, 0 errors, 2 left on base; El Paso 4 - Montgomery 5 | |